 Dungeon Crawl Stone Soup version 0.30-a0-1018-g25214051b3 (webtiles) character file.

Game seed: 16167110744055800954

93 voltaire321 the Ducker (level 4, -5/34 HPs)
             Began as a Demonspawn Gladiator on Apr 8, 2023.
             Slain by a gnoll
             ... wielding a +0 flail
              (8 damage)
             ... on level 2 of the Dungeon.
             The game lasted 00:02:01 (1152 turns).

voltaire321 the Ducker (Demonspawn Gladiator)       Turns: 1152, Time: 00:02:01

Health: -5/34      AC:  4    Str: 14    XL:     4   Next: 36%
Magic:  4/4        EV: 12    Int: 13    God:
Gold:   36         SH:  4    Dex: 15    Spells: 3/3 levels left

rFire   . . .      SeeInvis .    a - +0 war axe
rCold   . . .      Faith    .    (no shield)
rNeg    . . .      Spirit   .    b - +0 leather armour
rPois   .          Reflect  .    c - +0 helmet
rElec   .          Rampage  .    (no cloak)
rCorr   .                        (no gloves)
Will    .....                    (no boots)
Stlth   +                        (no amulet)
HPRegen 0.25/turn                (no ring)
MPRegen 0.09/turn                (no ring)

@: no status effects
A: claws 1, big brain 1, condensation shield
a: no special abilities


You were on level 2 of the Dungeon.
You visited 1 branch of the dungeon, and saw 2 of its levels.

You collected 36 gold pieces.

Inventory:

Hand Weapons
 a - a +0 war axe (weapon)
Missiles
 d - 3 throwing nets (quivered)
 e - a javelin
 k - 11 poisoned darts
Armour
 b - a +0 leather armour (worn)
 c - a +0 helmet (worn)
Wands
 q - a wand of charming (4)
Scrolls
 f - 2 scrolls of vulnerability {unknown}
 h - 4 scrolls of identify {unknown}
 i - 2 scrolls of noise {unknown}
 j - a scroll of fog {unknown}
 l - a scroll of teleportation {unknown}
 n - a scroll of magic mapping {unknown}
 o - 4 scrolls of blinking {unknown}
 p - a scroll of immolation {unknown}
Potions
 g - a potion of degeneration {unknown}
 m - a potion of curing {unknown}
 r - a potion of cancellation {unknown}


   Skills:
 + Level 2.8 Fighting
 + Level 3.2 Axes
 - Level 2.0 Throwing
 + Level 1.5 Armour
 + Level 3.3 Dodging


You had 3 spell levels left.
You didn't know any spells.
Your spell library was empty.

Dungeon Overview and Level Annotations

Branches:
Dungeon (2/15)

Altars:


Innate Abilities, Weirdness & Mutations

You have sharp fingernails.
You have an unusually large brain. (Int +2)
A meltable shield of frost defends you. (SH +4)


Message History

The gnoll shouts!
You slash the gnoll!
The gnoll is severely wounded.
The gnoll throws a throwing net.
The throwing net barely misses you. You block the gnoll's attack.
The gnoll throws a throwing net.
The throwing net completely misses you. The gnoll barely misses you.
You slash the gnoll!
The gnoll is heavily wounded.
You hit the gnoll. The gnoll hits you with a +0 flail.
The gnoll hits you from afar with a +0 spear.
You block the gnoll's attack. The gnoll misses you.
You closely miss the gnoll. You hit the gnoll but do no damage.
You barely miss the gnoll. The gnoll misses you.
The gnoll hits you with a +0 whip of freezing!
The gnoll freezes you. The gnoll hits you with a +0 spear!
You hit the gnoll.
The gnoll is lightly wounded.
You hit the gnoll. x2
You kill the gnoll!
The gnoll hits you with a +0 flail!
* * * LOW HITPOINT WARNING * * *
The gnoll hits you with a +0 spear.
* * * LOW HITPOINT WARNING * * *
The gnoll barely misses you. The gnoll hits you but does no damage.
You barely miss the gnoll.
The gnoll is lightly wounded.
You hit the gnoll but do no damage. The gnoll closely misses you.
The gnoll barely misses you.
You hit the gnoll but do no damage.
The gnoll is lightly wounded.
You hit the gnoll but do no damage. The gnoll hits you but does no damage.
The gnoll completely misses you.
You slash the gnoll!
The gnoll is severely wounded.
You barely miss the gnoll. The gnoll misses you.
The gnoll hits you with a +0 spear.
* * * LOW HITPOINT WARNING * * *
The gnoll hits you with a +0 flail!
You die...

..##...##.....#
..#.....#..##.##
........#......# ##.
..#.....#...##.# ...
..##.†.##.#.##.#####.#
..###.###...##..(....#
>..........#####.....#
.....####### #g)...#
###### #@....# #g....#
#.....# #.....#
#.....# #.....#
#######


You could see 2 gnolls.

Vanquished Creatures
  2 gnolls
  5 adders (D:2)
  4 endoplasms
  A giant cockroach (D:1)
  3 goblins
  2 hobgoblins (D:1)
  4 ball pythons (D:1)
  4 bats
  2 frilled lizards
  3 kobolds (D:2)
  A rat (D:1)
31 creatures vanquished.

Notes
Turn   | Place    | Note
-------+----------+-------------------------------------------
     0 | D:1      | voltaire321 the Demonspawn Gladiator began the quest for
                  | the Orb.
     0 | D:1      | Reached XP level 1. HP: 16/16 MP: 1/1
   214 | D:1      | Gained mutation: You have an unusually large brain. (Int
                  | +2) [demonic ancestry]
   214 | D:1      | Reached XP level 2. HP: 4/22 MP: 2/2
   551 | D:1      | Gained mutation: You have sharp fingernails. [demonic
                  | ancestry]
   551 | D:1      | Reached XP level 3. HP: 28/28 MP: 3/3
   804 | D:2      | Reached skill level 1 in Armour
  1012 | D:2      | Gained mutation: A meltable shield of frost defends you.
                  | (SH +4) [demonic ancestry]
  1012 | D:2      | Reached XP level 4. HP: 34/34 MP: 4/4
  1152 | D:2      | Slain by a gnoll

Illustrated notes

Levels and vault maps discovered:
D:1:      dpeg_arrival_lava_temple_mockup, layout_loops_ring
D:2:      layout_rooms, minmay_misc_feat_enclosed, mrwooster_statue_mirror

Skill      XL: |  1  2  3 |
---------------+----------+-----
Throwing       | 2 |  2.0
Dodging        | 3 |  3.3
Axes           | 3 |  3.2
Armour         | 1 |  1.5
Fighting       | |  2.8

Action                     |  1- 3 |  4- 6 || total
---------------------------+-------+-------++-------
  Melee: War axe           |    57 |    10 ||    67
         Punch             |     1 |       ||     1
   Stab: Sleeping          |     4 |       ||     4
 Armour: Leather armour    |    18 |     3 ||    21
  Dodge: Dodged            |    48 |    14 ||    62
  Block: Other             |       |     2 ||     2

Table legend: (Time is in decaauts)
 A = Elapsed time spent in this place.
 B = Non-inter-level travel time spent in this place.
 C = Inter-level travel time spent in this place.
 D = Time resting spent in this place.
 E = Time spent auto-exploring this place.
 F = Levels seen in this place.
 G = Mean time per level.
                   A        B        C        D        E       F      G
               +--------+--------+--------+--------+--------+-----+--------+
         Total |   1175 |   1175 |      0 |     75 |    827 |   2 |  587.5 |
       Dungeon |   1175 |   1175 |      0 |     75 |    827 |   2 |  587.5 |
               +--------+--------+--------+--------+--------+-----+--------+

Top non-repeatable levels by time:
     D:1: 760 daAuts
     D:2: 415 daAuts
